 Dungeon Crawl Stone Soup version 0.26-a0-663-g36e8fdb655 (webtiles) character file.

Game seed: 10676334769856433325

30 Borbozo the Vexing (level 3, -17/20 HPs)
             Began as a Kobold Arcane Marksman on Oct 10, 2020.
             Demolished by an ogre
             ... wielding a +0 giant club
              (26 damage)
             ... on level 1 of the Dungeon.
             The game lasted 00:09:18 (1447 turns).

Borbozo the Vexing (Kobold Arcane Marksman)         Turns: 1447, Time: 00:09:18

Health: -17/20     AC:  2    Str:  7    XL:     3   Next: 35%
Magic:  4/4        EV: 15    Int: 14    God:
Gold:   30         SH:  0    Dex: 16    Spells: 1/4 levels left

rFire    . . .     SeeInvis .   a - +0 hand crossbow
rCold    . . .     Faith    .   (shield restricted)
rNeg     . . .     Spirit   .   e - +0 robe
rPois    .         Reflect  .   (no helmet)
rElec    .         Harm     .   (no cloak)
rCorr    .         Rampage  .   (no gloves)
MR       .....                  (no boots)
Stlth    ++........             (no amulet)
HPRegen  0.06/turn              (no ring)
MPRegen  0.09/turn              (no ring)

@: no status effects
A: small, nightstalker 3
a: no special abilities


You were on level 1 of the Dungeon.
You visited 1 branch of the dungeon, and saw 2 of its levels.

You collected 30 gold pieces.

Inventory:

Hand Weapons
 a - a +0 hand crossbow (weapon)
Missiles
 d - 22 bolts (quivered)
 h - 51 stones
Armour
 b - a +0 leather armour
 e - a +0 robe (worn)
 k - a +0 robe
Scrolls
 c - 2 scrolls of remove curse {unknown}
 g - a scroll of noise {unknown}
 i - 2 scrolls of identify {unknown}
Potions
 f - a potion of curing
 j - a potion of heal wounds {unknown}


   Skills:
 + Level 1.1 Fighting
 + Level 2.8 Crossbows
 + Level 2.6 Dodging
 + Level 1.2 Spellcasting
 + Level 3.9 Hexes


You had one spell level left.
You knew the following spells:

 Your Spells              Type           Power        Failure   Level
a - Corona                Hex            ##.....      5%          1
b - Slow                  Hex            ##......     8%          2

Your spell library contained the following spells:

 Spells                   Type           Power        Failure   Level
 Inner Flame              Hex/Fire       #.......     34%         3
 Portal Projectile        Hex/Tloc       #.....       34%         3
 Cause Fear               Hex            ##........   45%         4
 Leda's Liquefaction      Hex/Erth       #.........   75%         4


Dungeon Overview and Level Annotations

Branches:
Dungeon (2/15)

Altars:


Innate Abilities, Weirdness & Mutations

You are small and have problems with some larger weapons.
You are completely attuned to the shadows.


Message History

Aim: a hobgoblin, wielding a +0 club You shoot a bolt.
The bolt hits the hobgoblin.
The hobgoblin is heavily wounded.
The ogre hits you with a +0 giant club!
Ouch! That really hurt!
The hobgoblin closely misses you.
It was a potion of curing.
You feel better. The hobgoblin hits you with a +0 club.
The ogre closely misses you.
Firing (i - inventory. (/) - cycle)
d - 23 bolts (quivered)
Press: ? - help, Shift-Dir - straight line, f/p - hobgoblin
Aim: a hobgoblin, wielding a +0 club (heavily wounded)
You shoot a bolt. The bolt hits the hobgoblin.
You kill the hobgoblin!
The ogre barely misses you.
Items here: ( ) ††.
There is an open door here.
There is a staircase leading out of the dungeon here.
The ogre hits you with a +0 giant club!!
Ouch! That really hurt!
You die...

###...######.#########...........
....#...# #.....................
###..)#.# #............##.#.....
#######.# #.#############.######
....# #.# #.# #.# ###.# #.#
###### #.###### # #.# #.# ##.##
#......# # #.# #.# ##...##
######.# # #.# #.# ##..O@.## #.#
###.###.## #.......## #.#
...#.....##.........#### #.#
###[####.'.....<.....'.# #.# #
#.# #######...#####.# #.#
###.###### ##.## #..# #.#
##.......# #.# #.#########.#
...#####.# #.# #........†..# ...#
#.######.# #.###########


You could see an ogre.

Vanquished Creatures
  An ooze (D:1)
  A dart slug (D:1)
  A leopard gecko (D:1)
  5 hobgoblins
  A ball python (D:1)
  8 bats
  2 frilled lizards
  2 kobolds (D:1)
  2 rats
23 creatures vanquished.

Notes
Turn   | Place    | Note
-------+----------+-------------------------------------------
     0 | D:1      | Borbozo the Kobold Arcane Marksman began the quest for the
                  | Orb.
     0 | D:1      | Reached XP level 1. HP: 12/12 MP: 2/2
   225 | D:1      | Reached XP level 2. HP: 16/16 MP: 3/3
   229 | D:1      | Learned a level 2 spell: Slow
   752 | D:1      | Reached XP level 3. HP: 18/20 MP: 0/4
  1197 | D:2      | Noticed an ogre
  1447 | D:1      | Demolished by an ogre

Illustrated notes

Levels and vault maps discovered:
D:1:      mrwooster_arrival_arrow, layout_loops_ring, minmay_misc_feat_plants
D:2:      layout_basic, hex_tiny

Action                   || total
-------------------------++-------
 Fire: Hand crossbow     ||    33
 Cast: Corona            ||     8
       Slow              ||     3
  Use: Potion            ||     1
Armor: Robe              ||     2
Dodge: Dodged            ||    23

Table legend: (Time is in decaauts)
 A = Elapsed time spent in this place.
 B = Non-inter-level travel time spent in this place.
 C = Inter-level travel time spent in this place.
 D = Time resting spent in this place.
 E = Time spent auto-exploring this place.
 F = Levels seen in this place.
 G = Mean time per level.
                   A        B        C        D        E       F      G
               +--------+--------+--------+--------+--------+-----+--------+
         Total |   1460 |   1460 |      0 |    280 |      0 |   2 |  730.0 |
       Dungeon |   1460 |   1460 |      0 |    280 |      0 |   2 |  730.0 |
               +--------+--------+--------+--------+--------+-----+--------+

Top non-repeatable levels by time:
     D:1: 1307 daAuts
     D:2: 152 daAuts
